 Dungeon Crawl Stone Soup version 0.30-a0-756-gc2185399d4 (webtiles) character file.

Game seed: 15295956689460746359

35 DavidChitty2 the Firebug (level 3, 31/31 HPs)
             Began as a Meteoran Cinder Acolyte on Feb 9, 2023.
             Was a High Priest of Ignis.
             Quit the game on level 2 of the Dungeon.
             The game lasted 00:02:40 (627 turns).

DavidChitty2 the Firebug (Meteoran Cinder Acolyte)   Turns: 627, Time: 00:02:41

Health: 31/31      AC:  3    Str: 15    XL:     3   Next: 76%
Magic:  4/7        EV: 11    Int: 18    God:    Ignis [*****.]
Gold:   16         SH:  0    Dex:  9    Spells: 5/7 levels left

rFire   + . .      SeeInvis .    a - -1 spear (flame)
rCold   . . .      Faith    .    (no shield)
rNeg    . . .      Spirit   .    b - +0 robe
rPois   .          Reflect  .    (no helmet)
rElec   .          Harm     .    (no cloak)
rCorr   .          Rampage  .    c - +0 pair of gloves
Will    .....                    (no boots)
Stlth   +                        (no amulet)
HPRegen 0.25/turn                (no ring)
MPRegen 0.10/turn                (no ring)

@: glowing
A: sense surroundings 1, otherworldly, glowing, explore regen
a: Renounce Religion, Fiery Armour, Foxfire Swarm, Rising Flame


You were on level 2 of the Dungeon.
You worshipped Ignis.
Ignis was extremely pleased with you.
You visited 1 branch of the dungeon, and saw 2 of its levels.

You collected 16 gold pieces.

Inventory:

Hand Weapons
 a - a -1 spear of flaming (weapon)
Armour
 b - a +0 robe (worn)
 c - a +0 pair of gloves (worn)
   (You found it on level 1 of the Dungeon)
 e - a +0 chain mail
   (You found it on level 1 of the Dungeon)
Scrolls
 d - 2 scrolls of identify {unknown}
 f - a scroll of summoning {unknown}
 g - a scroll of enchant armour {unknown}
 h - a scroll of teleportation {unknown}
 i - a scroll of acquirement {unknown}


   Skills:
 + Level 3.6 Fighting
 - Level 3.6 Polearms
 * Level 2.6 Spellcasting
 * Level 4.3 Fire Magic


You had 5 spell levels left.
You knew the following spells:

 Your Spells              Type           Power      Damage    Failure   Level
a - Scorch                Fire           36%        2d6       4%          2

Your spell library contained the following spells:

 Spells                   Type           Power      Damage    Failure   Level
 Sandblast                Erth           4%         2d4       17%         1
 Passwall                 Tmut/Erth      1%         N/A       26%         2
 Sublimation of Blood     Necr           2%         N/A       26%         2
 Wereblood                Tmut           2%         N/A       26%         2
 Stone Arrow              Conj/Erth      4%         3d7       45%         3
 Summon Hydra             Summ           1%         N/A       100%        7


Dungeon Overview and Level Annotations

Branches:
Dungeon (2/15) Zot: 576

Altars:


Innate Abilities, Weirdness & Mutations

You passively map a small area around you.
You are easily found by Zot.
You glow in the dark.
You regain HP and MP as you explore.


Message History

There is a stone staircase leading down here.
Zot has nearly found you.
Suffering is imminent.
Descend or flee this branch!
There is a stone staircase leading down here.
You climb downwards.
As you enter the new level, Zot loses track of you.
The ball python hisses angrily.
Found a fizzy yellow potion, a book of Frost and a book of Blood.
Found a stone staircase leading up.
There is a stone staircase leading up here.
A ball python is nearby!
An adder comes into view.
Found a dagger.
The adder hisses angrily.
You hear an angry hiss.
A goblin comes into view. It is wielding a +0 dagger.
The adder moves out of view.
Found 4 gold pieces.
The goblin shouts!
A bat comes into view.
A frilled lizard comes into view.
The frilled lizard hisses angrily.
Flames lash the frilled lizard.
You kill the frilled lizard!
Flames lash the bat.
You kill the bat!
The adder barely misses you. The ball python bites you.
The ball python barely misses you.
Flames lash the ball python.
You kill the ball python!
The adder barely misses you.
Okay, then.
Activating: Foxfire Swarm Flames leap up around you!
The adder bites you. The adder bites you but does no damage.
The foxfire hits the goblin.
You kill the goblin!
You closely miss the adder.
The foxfire hits the adder. x3
You kill the adder!
No target in view!
No target in view!
No target in view!
You now have 16 gold pieces (gained 4).
Found 3 stones.
You pick up a book of Blood and begin reading...
You add the spells Sublimation of Blood, Wereblood and Summon Hydra to your library.
Saving game... please wait.
Options error: Bad allow_self_target value: never (should be false, prompt or true) (~/.crawlrc:192) Bad channel name for runrest: 'pray:' Options error: Bad channel -- pray (~/.crawlrc:4483) Options error: Bad channel -- food (~/.crawlrc:4486) Options error: Bad channel -- rotten_meat (~/.crawlrc:4503) Welcome back, DavidChitty2 the Meteoran Cinder Acolyte.
The flames of Ignis gently warm you.

* ...... , , ,
..... ,,, , ,
#.###..### * *,
.........#######
.(.............###
..#.#).#...###....
*
...........##..##*
*
..#.#..#........#
# #..@...<.#.### *
#...†).......# *
#.^##..#...... *
#.. #..#...... * ,
.#..##.........
,.......<....... *
##..###....!...
#..* §...#...# #
#.#§.##### **


There were no monsters in sight!

Vanquished Creatures
  An adder (D:2)
  3 dart slugs (D:1)
  A bat (D:2)
  An endoplasm (D:1)
  A giant cockroach (D:1)
  A goblin (D:2)
  A hobgoblin (D:1)
  2 quokkas (D:1)
  2 ball pythons
  4 frilled lizards
  A kobold (D:1)
  2 rats (D:1)
20 creatures vanquished.

Vanquished Creatures (others)
  10 foxfires (D:2)
10 creatures vanquished.

Grand Total: 30 creatures vanquished

Notes
Turn   | Place    | Note
-------+----------+-------------------------------------------
     0 | D:1      | DavidChitty2 the Meteoran Cinder Acolyte began the quest
                  | for the Orb.
     0 | D:1      | Reached XP level 1. HP: 19/19 MP: 3/3
   225 | D:1      | Reached XP level 2. HP: 26/26 MP: 5/5
   428 | D:1      | Reached skill level 4 in Fire Magic
   437 | D:1      | Learned a level 2 spell: Scorch
   498 | D:1      | Reached XP level 3. HP: 31/31 MP: 5/7
   502 | D:1      | Glimpsed the power of Zot.
   552 | D:1      | Glimpsed the power of Zot.
   592 | D:1      | Glimpsed the power of Zot.
   627 | D:2      | Quit the game

Illustrated notes

Levels and vault maps discovered:
D:1:      dpeg_arrival_round_b, layout_loops_ring
D:2:      layout_loops_ring, minmay_gold_behind_fungi, uniq_terence

Skill      XL: |  1  2 |
---------------+-------+-----
Spellcasting   | 2 |  2.6
Fire Magic     | 4 |  4.3
Fighting       | |  3.6
Polearms       | |  3.6

Action                     || total
---------------------------++-------
  Melee: Spear             ||    36
         Punch             ||     1
   Cast: Scorch            ||     9
 Invoke: Foxfire Swarm     ||     1
 Armour: Robe              ||     7
  Dodge: Dodged            ||     9

Table legend: (Time is in decaauts)
 A = Elapsed time spent in this place.
 B = Non-inter-level travel time spent in this place.
 C = Inter-level travel time spent in this place.
 D = Time resting spent in this place.
 E = Time spent auto-exploring this place.
 F = Levels seen in this place.
 G = Mean time per level.
                   A        B        C        D        E       F      G
               +--------+--------+--------+--------+--------+-----+--------+
         Total |    623 |    576 |     47 |      0 |    414 |   2 |  311.5 |
       Dungeon |    623 |    576 |     47 |      0 |    414 |   2 |  311.5 |
               +--------+--------+--------+--------+--------+-----+--------+

Top non-repeatable levels by time:
     D:1: 598 daAuts
     D:2: 25 daAuts
